 Dungeon Crawl Stone Soup version 0.16-a0-1167-g3157814 (webtiles) character file.

12950 Ratboiler the Grappler (level 11, -14/109 HPs)
             Began as a Troll Arcane Marksman on Oct 9, 2014.
             Was an Elder of Ru.
             Demolished by a komodo dragon (26 damage)
             ... on level 3 of the Lair of Beasts.
             The game lasted 00:43:35 (11515 turns).

Ratboiler the Grappler (Troll Arcane Marksman)     Turns: 11515, Time: 00:43:36

Health: -14/109    AC:  8    Str: 21    XL:     11   Next: 69%
Magic:  0/7        EV: 13    Int:  9    God:    Ru [****..]
Gold:   780        SH:  0    Dex: 12    Spells: 1 memorised, 11 levels left

rFire  + . .     SeeInvis .       - Unarmed
rCold  . . .     Clarity  .     a - +0 robe
rNeg   . . .     SustAb   .     (shield restricted)
rPois  .         Gourm    +     (helmet restricted)
rElec  .         Spirit   +     (no cloak)
rCorr  .         Warding  .     (gloves unavailable)
rMut   .         Stasis   .     (boots unavailable)
MR     .....                    A - amulet of guardian spirit
Stlth  ..........               S - +3 ring of protection
                                z - ring of protection from fire

@: exhausted, slowed, glowing, drained, very slow, not resistant to hostile
enchantments, extremely unstealthy
A: unfitting armour, claws 3, fast metabolism 3, gourmand, regeneration 2,
saprovore 2, shaggy fur 1, tough skin 2, no stealth, hated by all, no earth
magic, no translocations magic, no transmutations magic, magic vulnerability 1
a: Draw Out Power, Power Leap, Renounce Religion


You were on level 3 of the Lair of Beasts.
You worshipped Ru.
Ru was greatly pleased with you.
You were very full.

You visited 3 branches of the dungeon, and saw 14 of its levels.

You collected 780 gold pieces.

Inventory:

Hand weapons
 G - a +0 blowgun
Missiles
 b - 4 large rocks (quivered)
 c - 2 throwing nets
Armour
 a - a +0 robe (worn)
 y - a +2 shield
 Y - a steam dragon hide
Magical devices
 o - a wand of fireball (6)
 t - a wand of magic darts (28)
 x - a wand of fireball (2)
 C - a wand of polymorph (11)
 I - a wand of fireball (5)
 N - a wand of frost (22)
 R - a wand of invisibility (1)
 W - a wand of digging (7)
Comestibles
 f - 5 meat rations
 i - 8 bread rations
 k - 2 beef jerkies
 m - 5 slices of pizza
 B - 7 fruits
 V - a chunk of yak flesh
Scrolls
 e - 4 scrolls of teleportation
 g - 2 scrolls of fog
 h - a scroll of fear {unknown}
 n - a scroll of enchant weapon
 r - 7 scrolls of remove curse
 s - 2 scrolls of amnesia {unknown}
 u - 2 scrolls of enchant armour {unknown}
 D - 2 scrolls of recharging {unknown}
 F - 3 scrolls of blinking {unknown}
 K - 2 scrolls of magic mapping {unknown}
 P - a scroll of summoning {unknown}
 T - a scroll of identify
 Z - a scroll of immolation {unknown}
Jewellery
 z - a ring of protection from fire (left claw)
 A - an amulet of guardian spirit (around neck)
 E - an uncursed ring of protection from cold
 H - an uncursed ring of magical power
 S - a +3 ring of protection (right claw)
Potions
 j - 2 potions of curing
 l - a potion of invisibility
 p - 3 potions of brilliance
 w - 2 potions of agility
 M - a potion of berserk rage
 O - 3 potions of heal wounds
 U - 2 potions of cancellation
 X - a potion of resistance
Books
 d - a book of Debilitation

   Spells                             Type                      Level
   *Corona                            Hexes                        1
   Slow                               Hexes                        2
   Inner Flame                        Hexes/Fire                   3
   Enslavement                        Hexes                        4
   Cause Fear                         Hexes                        4
   Leda's Liquefaction                Hexes/Earth                  4
 v - a book of the Warp

   Spells                             Type                      Level
   Control Teleport                   Charms/Translocation         4
   Phase Shift                        Translocation                5
   Warp Weapon                        Charms/Translocation         5
   Dispersal                          Translocation                6
   Controlled Blink                   Translocation                7
   Disjunction                        Translocation                8
 J - a book of Wizardry

   Spells                             Type                      Level
   Agony                              Necromancy                   5
   Force Lance                        Conjuration                  5
   Dispersal                          Translocation                6
   Haste                              Charms                       6
   Invisibility                       Hexes                        6
   Spellforged Servitor               Conjuration/Summoning        7
 L - a book of Death

   Spells                             Type                      Level
   Corpse Rot                         Necromancy                   2
   Sublimation of Blood               Necromancy                   2
   Agony                              Necromancy                   5
   Dispel Undead                      Necromancy                   5
   Excruciating Wounds                Charms/Necromancy            5
   Bolt of Draining                   Conjuration/Necromancy       5
Miscellaneous
 Q - a stone of tremors


   Skills:
 + Level 7.1(6.8) Fighting
 - Level 1.7(1.5) Throwing
 + Level 7.3(7.0) Dodging
 - Level 14.0(13.6) Unarmed Combat
 - Level 1.0(0.7) Spellcasting
 - Level 2.0(1.7) Hexes


You had 11 spell levels left.
You knew the following spells:

 Your Spells              Type           Power        Failure   Level  Hunger
a - Corona                Hex            #......      21%         1    ##.....


Dungeon Overview and Level Annotations

Branches:
Dungeon (10/15)            Temple (1/1) D:7             Orc (0/4) D:9
   Lair (3/8) D:10
  Swamp: Lair:3-6    Shoals: Lair:3-6     Snake: Lair:3-6    Spider: Lair:3-6

Altars:
Ashenzari
Cheibriados
Dithmenos
Elyvilon
Fedhas
Gozag
Kikubaaqudgha
Makhleb
Nemelex Xobeh
Okawaru
Qazlal
Ru
Sif Muna
Trog
Vehumet
Xom
Yredelemnul
Zin
The Shining One

Annotations:
D:3 Sigmund
D:6 Bubba's ghost, experienced MfGl
D:8 exclusion: 2 oklob saplings
D:9 exclusion: oklob plant
Lair:3 Ratboiler's ghost, powerful HaAM


Innate Abilities, Weirdness & Mutations

You are too large for most types of armour.
You have claws for hands.
Your metabolism is lightning-fast.
You like to eat raw meat.
You heal very quickly.
You can eat rotten meat.
You are covered in fur (AC +1).
You have very tough skin (AC +2).
You cannot be stealthy.
You are hated by all.
You cannot study or cast Earth magic.
You cannot study or cast Translocations magic.
You cannot study or cast Transmutations magic.
You are slightly vulnerable to magic.


Message History

The komodo dragon bites you!!
* * * LOW HITPOINT WARNING * * *
Unknown command.
Drink which item? (? for menu, Esc to quit)
Okay, then.
Read which item? (? for menu, Esc to quit)
Okay, then.
Drink which item? (? for menu, Esc to quit)
You feel much better.
You redirect Ratboiler's ghost's attack!
Ratboiler's ghost hits the komodo dragon.
The spiny frog stings you!
* * * LOW HITPOINT WARNING * * *
The komodo dragon bites you!
* * * LOW HITPOINT WARNING * * *
Ratboiler's ghost closely misses you. The spiny frog completely misses you.
Ratboiler's ghost casts a spell at you.
You feel as though you will be slow longer.
The komodo dragon bites you!!
You die...

#.................PP...
.##.....#....P...........
......#....P...%........ ..
..... ............#....
...##.... #.>.........P....
....#...###...#P..?........
....#.##.#.....PPP.....P....
........%.......P......#...
..........l@...##..P.#.#...
....).....F................
.......%..W...............
...%.....................
###.##.###............... #.
#. #.......####.#. . ..
#.....#.. .P ... #.....##..
... #...... ..


You could see a komodo dragon, a spiny frog and Ratboiler's ghost.

Vanquished Creatures
  Erica (Lair:1)
  A spiny frog (Lair:1)
  Psyche (D:9)
  A komodo dragon (Lair:3)
  A troll (D:9)
  8 blink frogs
  15 yaks
  2 wyverns
  3 hippogriffs
  6 wandering mushrooms
  A deep elf fighter (D:10)
  A steam dragon (D:10)
  5 wolves (Lair:1)
  2 hungry ghosts
  2 orc warriors (D:10)
  An ice beast (D:6)
  A black bear (D:9)
  4 water moccasins
  2 porcupines (Lair:1)
  6 sky beasts
  An ogre (D:4)
  3 phantoms
  5 crocodiles
  2 centaurs (D:5)
  7 giant frogs
  A big kobold (D:7)
  3 jellies
  A troll zombie (D:9)
  A scorpion (D:9)
  5 wights (D:7)
  5 killer bees (D:10)
  3 goliath beetles
  6 crimson imps
  An elf zombie (D:9)
  A giant frog skeleton (D:4)
  7 hounds
  3 orc priests
  A quasit (D:9)
  An orc wizard (D:10)
  An iguana (D:4)
  8 worker ants
  8 sheep (Lair:1)
  4 ogre zombies (D:9)
  2 sky beast zombies (D:9)
  The ghost of asdu the Chucker, a weakling TrHu (D:3)
  A hound skeleton (D:4)
  A hound zombie (D:5)
  8 gnolls
  9 adders
  A giant mite (D:4)
  25 green rats
  2 orc skeletons
  2 shadow imps
  5 worms
  8 giant geckos
  20 orcs
  3 ball pythons
  4 giant cockroaches
  9 goblins
  17 hobgoblins
  7 jackals
  12 kobolds
  12 quokkas
  18 bats
  6 giant newts
  A giant spore (D:9)
  2 goblin skeletons (D:9)
  3 goblin zombies (D:9)
  2 hobgoblin skeletons (D:9)
  A hobgoblin zombie (D:9)
  13 orc zombies
  30 rats
  2 ballistomycetes (D:9)
369 creatures vanquished.

Vanquished Creatures (others)
  A troll zombie (D:9)
1 creature vanquished.

Grand Total: 370 creatures vanquished

Notes
Turn   | Place    | Note
--------------------------------------------------------------
     0 | D:1      | Ratboiler, the Troll Arcane Marksman, began the quest for the Orb.
     0 | D:1      | Reached XP level 1. HP: 18/18 MP: 2/2
   117 | D:1      | Reached skill level 1 in Unarmed Combat
   184 | D:1      | Reached XP level 2. HP: 24/26 MP: 2/2
   633 | D:1      | Reached XP level 3. HP: 30/32 MP: 3/3
   850 | D:2      | Reached skill level 3 in Unarmed Combat
  1238 | D:2      | Reached XP level 4. HP: 38/40 MP: 3/3
  1417 | D:3      | Noticed asdu's ghost (weakling TrHu)
  1426 | D:3      | Killed asdu's ghost
  1426 | D:3      | Reached skill level 4 in Unarmed Combat
  1571 | D:3      | Noticed Sigmund
  1585 | D:4      | Noticed an ogre
  2138 | D:4      | Reached XP level 5. HP: 39/46 MP: 4/4
  2348 | D:4      | Reached skill level 5 in Unarmed Combat
  2818 | D:4      | Reached XP level 6. HP: 37/54 MP: 5/5
  2858 | D:4      | Reached skill level 6 in Unarmed Combat
  3090 | D:4      | Killed an ogre
  3331 | D:5      | Entered Level 5 of the Dungeon
  3532 | D:5      | Reached skill level 7 in Unarmed Combat
  3534 | D:5      | Reached XP level 7. HP: 20/61 MP: 1/5
  3663 | D:5      | Reached skill level 8 in Unarmed Combat
  4243 | D:6      | Noticed Bubba's ghost (experienced MfGl)
  4319 | D:6      | Reached skill level 9 in Unarmed Combat
  4350 | D:6      | Reached XP level 8. HP: 68/68 MP: 5/5
  4743 | D:7      | Found a staircase to the Ecumenical Temple.
  4763 | Temple   | Entered the Ecumenical Temple
  4826 | Temple   | Became a worshipper of Ru the Awakened
  4868 | D:7      | Reached skill level 10 in Unarmed Combat
  5197 | D:7      | Found a bloodstained altar of Trog.
  5199 | D:7      | Found a white marble altar of Elyvilon.
  5208 | D:7      | Found a sparkling altar of Nemelex Xobeh.
  5209 | D:7      | Found a glowing silver altar of Zin.
  5209 | D:7      | Found an opulent altar of Gozag.
  5212 | D:7      | Found a burning altar of Makhleb.
  5213 | D:7      | Found a glowing golden altar of the Shining One.
  5309 | D:7      | Reached skill level 11 in Unarmed Combat
  5733 | D:8      | Reached XP level 9. HP: 61/75 MP: 6/6
  5937 | D:8      | Gained mutation: You are slightly vulnerable to magic. [Ru sacrifice]
  5937 | D:8      | Acquired Ru's first power
  6002 | D:8      | Noticed a wandering mushroom
  6006 | D:8      | Killed a wandering mushroom
  6006 | D:8      | Reached skill level 12 in Unarmed Combat
  6026 | D:8      | Found a blossoming altar of Fedhas.
  6026 | D:8      | Noticed a wandering mushroom
  6026 | D:8      | Noticed a wandering mushroom
  6026 | D:8      | Noticed a wandering mushroom
  6061 | D:8      | Killed a wandering mushroom
  6231 | D:8      | Killed a wandering mushroom
  6296 | D:8      | Killed a wandering mushroom
  6859 | D:9      | Reached skill level 13 in Unarmed Combat
  7069 | D:9      | Found a staircase to the Orcish Mines.
  7142 | D:9      | Noticed Psyche
  7147 | D:9      | Killed Psyche
  7147 | D:9      | Reached XP level 10. HP: 67/83 MP: 7/7
  7420 | D:9      | Reached skill level 14 in Unarmed Combat
  7554 | D:9      | Reached skill level 1 in Fighting
  7693 | D:9      | Found a blossoming altar of Fedhas.
  7712 | D:9      | Noticed an oklob plant
  7774 | D:10     | Entered Level 10 of the Dungeon
  8099 | D:10     | Gained mutation: You cannot study or cast Translocations magic. [Ru sacrifice]
  8099 | D:10     | Gained mutation: You cannot study or cast Transmutations magic. [Ru sacrifice]
  8099 | D:10     | Gained mutation: You cannot study or cast Earth magic. [Ru sacrifice]
  8099 | D:10     | Acquired Ru's second power
  8172 | D:10     | Found a staircase to the Lair.
  9013 | D:10     | Reached skill level 5 in Dodging
  9094 | Lair:1   | Entered Level 1 of the Lair of Beasts
  9158 | Lair:1   | Reached skill level 5 in Fighting
  9158 | Lair:1   | Reached XP level 11. HP: 44/102 MP: 4/7
  9699 | Lair:1   | Noticed Erica
  9702 | Lair:1   | HP: 3/105 [something/orb of energy (28)]
  9705 | Lair:2   | Gained mutation: You are hated by all. [Ru sacrifice]
  9705 | Lair:2   | Acquired Ru's third power
  9907 | Lair:1   | Killed Erica
 10058 | Lair:1   | Noticed a five-headed hydra
 11228 | Lair:2   | Noticed a lindwurm
 11228 | Lair:2   | Noticed a lindwurm
 11230 | Lair:2   | Noticed a lindwurm
 11231 | Lair:2   | Noticed a lindwurm
 11462 | Lair:3   | Gained mutation: You cannot be stealthy. [Ru sacrifice]
 11462 | Lair:3   | Acquired Ru's fourth power
 11481 | Lair:3   | Noticed Ratboiler's ghost (powerful HaAM)
 11513 | Lair:3   | HP: 1/109 [komodo dragon (27)]
 11515 | Lair:3   | Demolished by a komodo dragon

Action                   |  1- 3 |  4- 6 |  7- 9 | 10-12 || total
-------------------------+-------+-------+-------+-------++-------
Melee: Unarmed           |   109 |   181 |   366 |   556 ||  1212
Invok: Sacrifice Essence |       |       |     1 |       ||     1
       Sacrifice Arcana  |       |       |       |     1 ||     1
       Draw Out Power    |       |       |       |     1 ||     1
       Power Leap        |       |       |       |     1 ||     1
       Sacrifice Stealth |       |       |       |     1 ||     1
       Sacrifice Love    |       |       |       |     1 ||     1
Evoke: Wand              |       |       |       |     1 ||     1
  Use: Scroll            |       |     5 |    10 |     3 ||    18
       Potion            |       |       |       |     3 ||     3
 Stab: Distracted        |       |       |       |     2 ||     2
       Invisible         |       |       |       |     4 ||     4
  Eat: Chunk             |    17 |    20 |    28 |    48 ||   113
       Beef jerky        |       |       |       |     1 ||     1
